 Dungeon Crawl Stone Soup version 0.31.0-32-g396128a36d (webtiles) character file.

Game seed: 16928820988787367847

9142 mainiacjoe the Destroyer (level 11, -4/71 HPs)
             Began as an Octopode Earth Elementalist on Apr 13, 2024.
             Was a Priest of Fedhas.
             Slain by a wolf (8 damage)
             ... led by Grum
             ... on level 10 of the Dungeon.
             The game lasted 00:51:59 (10925 turns).

mainiacjoe the Destroyer (OpEE)                    Turns: 10925, Time: 00:52:00

Health: -4/71      AC:  1    Str:  7    XL:     11   Next: 41%
Magic:  17/28      EV: 14    Int: 34    God:    Fedhas [***...]
Gold:   607        SH:  5    Dex: 13    Spells: 1/21 levels left

rFire   . . .        a - +2 lajatang (spect)
rCold   . . .        (shield currently unavailable)
rNeg    . . .        (helmet restricted)
rPois   +            D - amulet of reflection
rElec   .            l - ring of magical power
rCorr   +            o - +6 ring of intelligence
SInv    .            s - ring of resist corrosion
Will    .....        J - +6 ring of intelligence
Stlth   +++          L - ring of poison resistance
HPRegen 0.31/turn    (no ring)
MPRegen 0.21/turn    (no ring)
                     (no ring)

%: reflection
@: studying Maces & Flails
A: almost no armour, amphibious, 8 rings, camouflage 1, gelatinous body 1,
(nimble swimmer 1), tentacles
a: Renounce Religion, Wall of Briars, Grow Ballistomycete


You were on level 10 of the Dungeon.
You worshipped Fedhas.
Fedhas was most pleased with you.
You visited 2 branches of the dungeon, and saw 11 of its levels.
You also visited: Ossuary.

You collected 607 gold pieces.

Inventory:

Hand Weapons
 a - a +2 spectral lajatang (weapon)
 b - a +3 shortbow of draining
 w - a +1 short sword of freezing
 B - a +2 dagger
 H - a +4 great sword
Missiles
 g - 101 stones
 h - 11 boomerangs
 q - 3 javelins
 u - 3 throwing nets {=F}
 E - 3 curare-tipped darts {=F}
 F - 15 poisoned darts
Armour
 r - a +0 kite shield
Magical Staves
 d - a staff of cold
 A - a staff of alchemy
Jewellery
 l - a ring of magical power (left tentacle)
 o - a +6 ring of intelligence (right tentacle)
 s - a ring of resist corrosion (on tentacle)
 D - an amulet of reflection (around mantle)
 J - a +6 ring of intelligence (on tentacle)
 L - a ring of poison resistance (on tentacle)
Talismans
 f - a beast talisman
Wands
 y - a wand of polymorph (3)
 N - a wand of charming (6)
Scrolls
 c - 4 scrolls of fog
 m - 2 scrolls of revelation
 n - 5 scrolls of teleportation
 x - a scroll of enchant armour
 G - 3 scrolls of blinking
 I - a scroll of vulnerability
 K - a scroll of immolation
Potions
 e - 3 potions of might
 i - 2 potions of haste
 j - 2 potions of attraction
 k - 3 potions of magic
 p - a potion of invisibility {unknown}
 t - a potion of degeneration {unknown}
 v - 2 potions of enlightenment {unknown}
 z - a potion of brilliance {unknown}
 C - 3 potions of cancellation
 M - a potion of mutation {unknown}


   Skills:
 - Level 5.0 Fighting
 - Level 5.0 Dodging
 - Level 2.6 Stealth
 - Level 5.5 Spellcasting
 + Level 10.1 Conjurations
 - Level 10.0 Earth Magic
 + Level 6.6 Invocations


You had one spell level left.
You knew the following spells:

 Your Spells              Type           Power      Damage    Failure   Level
a - Sandblast             Erth           100%       2d20      1%          1
b - Bombard               Conj/Erth      33%        9d6       11%         6
c - Stone Arrow           Conj/Erth      100%       3d13      1%          3
d - Brom's Barrelling Bo  Conj/Erth      67%        2d8       1%          4
e - Magic Dart            Conj           100%       1d8       1%          1
z - Iskenderun's Battles  Conj           68%        2d12      1%          5

Your spell library contained the following spells:

 Spells                   Type           Power      Damage    Failure   Level
 Momentum Strike          Conj/Tloc      88%        3d10      1%          2
 Searing Ray              Conj           100%       2d8       1%          2
 Passwall                 Erth           67%        N/A       1%          3
 Fulminant Prism          Conj/Alch      22%        3d12      5%          4
 Petrify                  Alch/Erth      43%        N/A       5%          4
 Blink                    Tloc           18%        N/A       6%          2
 Lesser Beckoning         Tloc           18%        N/A       6%          2
 Call Canine Familiar     Summ           9%         N/A       13%         3
 Sigil of Binding         Hex            9%         N/A       13%         3
 Dimensional Bullseye     Hex/Tloc       4%         N/A       38%         4
 Spellforged Servitor     Conj/Summ      22%        N/A       99%         7


Dungeon Overview and Level Annotations

Branches:
Dungeon (10/15)            Temple (1/1) D:6             Orc (0/2) D:10
Ossuary (visited)
   Lair: D:8-11

Altars:
Ashenzari
Cheibriados
Dithmenos
Fedhas
Gozag
Hepliaklqana
Makhleb
Nemelex Xobeh
Okawaru
Qazlal
Ru
Sif Muna
Trog
Uskayaw
Vehumet
Wu Jian
Xom
Yredelemnul
Zin
The Shining One

Annotations:
D:10 Grum


Innate Abilities, Weirdness & Mutations

You cannot wear most types of armour.
You are amphibious.
You can wear up to eight rings at the same time.
Your skin changes colour to match your surroundings (Stealth+).
Your rubbery body absorbs attacks. (AC +1, EV +1)
((You are camouflaged when in or above water. (Stealth+)))
You have tentacles for arms and can constrict up to eight enemies at once.


Message History

The stone arrow misses the wolf.
The stone arrow hits Grum!!
Grum is almost dead.
The wolf closely misses you. x2
Casting: Stone Arrow (safe; 1% risk of failure)
Confirm with . or Enter, or press ? or * to list all spells.
Aiming: Stone Arrow (safe; 1% risk of failure)
Press: ? - help, Shift-Dir - straight line, f/p - wolf
Aim: a wolf (severely wounded, 63% to hit)
The stone arrow hits the wolf!
You kill the wolf!
Fedhas appreciates your contribution to the ecosystem.
You feel a bond with your +2 spectral lajatang.
a - a +2 spectral lajatang (weapon)
The wolf closely misses you.
You closely miss the wolf. You grab the wolf. Your squeeze misses the wolf.
Your +2 spectral lajatang hits the wolf!
You constrict the wolf.
The wolf closely misses your +2 spectral lajatang.
Grum hits you from afar with a +1 spear!
The wolf bites your +2 spectral lajatang!
Your spectral weapon shares its damage with you!
You block the wolf's attack. Grum misses you.
You hit the wolf but do no damage.
The wolf is severely wounded.
Your +2 spectral lajatang hits the wolf.
You constrict the wolf.
You kill the wolf!
Fedhas appreciates your contribution to the ecosystem.
The wolf closely misses you. The wolf bites you.
A wight comes into view. It is wielding a +0 battleaxe.
Grum stares intently and growls.
Grum hits you from afar with a +1 spear!!
* * * LOW HITPOINT WARNING * * *
You barely miss the wolf. You grab the wolf. You squeeze the wolf.
The wolf is lightly wounded.
Your +2 spectral lajatang hits the wolf!
You constrict the wolf, but do no damage.
The wolf bites you!
You die...
Fedhas appreciates your contribution to the ecosystem.

......# ......## #z.....
...# .>.....# ##...)..
..h# .......# #...... .g.
.......### #....# .h#
.........#####....# ..#
##................## ..#
###..............####..##
#..###......@(g.......#
##..#
#.......h..........#
#..##
#.......##..P###....#
#..# #......###...# #...
##..# #.....## #...# ..
#.>## #....## #...# #
###..# #...## #...#
##..## ...## #....
....### ......


You could see Grum (ally target), a wolf, a wight, a friendly ballistomycete
(summoned) and a friendly +2 spectral lajatang.

Vanquished Creatures
  Harold (D:9)
  A two-headed ogre (D:8)
  Pikel (D:4)
  2 manticores (D:9)
  2 gargoyles
  A wraith (D:9)
  2 wyverns
  3 slime creatures (D:6)
  5 yaks
  3 steam dragons
  2 ice beasts
  An orc warrior (D:9)
  3 black bears
  A sky beast (D:6)
  3 wolves (D:10)
  A laughing skull (D:9)
  An ogre (D:6)
  6 centaurs
  A phantom (D:5)
  A lemure (D:4)
  5 kobold brigands
  A gnoll sergeant (D:9)
  3 bullfrogs
  4 scorpions
  11 wights
  A hound (D:5)
  A human zombie (Ossuary)
  6 jellies
  3 bombardier beetles
  A gnoll bouda (D:7)
  4 orc priests
  Jessica (D:2)
  3 iguanas
  6 orc wizards
  A hound zombie (Ossuary)
  5 mummies
  4 adders
  14 gnolls
  A shadow imp (D:7)
  2 ufetubi (D:6)
  An adder zombie (Ossuary)
  3 dart slugs
  2 ribbon worms
  16 orcs
  5 bats
  5 endoplasms
  3 giant cockroaches
  4 goblins
  8 hobgoblins
  A jackal (D:1)
  18 kobolds
  3 quokkas
  7 ball pythons
  5 frilled lizards
  A goblin zombie (Ossuary)
  A hobgoblin zombie (Ossuary)
  A jackal zombie (Ossuary)
  4 kobold zombies (Ossuary)
  2 orc zombies (Ossuary)
  9 rats
217 creatures vanquished.

Vanquished Creatures (collateral kills)
  A ballistomycete spore (D:10)
  6 boulders
7 creatures vanquished.

Vanquished Creatures (others)
  3 boulders
3 creatures vanquished.

Grand Total: 227 creatures vanquished

Notes
Turn   | Place    | Note
-------+----------+-------------------------------------------
     0 | D:1      | mainiacjoe the Octopode Earth Elementalist began the quest
                  | for the Orb.
     0 | D:1      | Reached XP level 1. HP: 11/11 MP: 3/3
    12 | D:1      | You fall into a shaft and drop 1 floor!
    92 | D:2      | Reached XP level 2. HP: 12/17 MP: 1/5
   463 | D:1      | Reached XP level 3. HP: 21/21 MP: 4/6
   467 | D:1      | Learned a level 3 spell: Stone Arrow
  1607 | D:2      | Noticed Jessica
  1611 | D:2      | Killed Jessica
  1612 | D:2      | Reached XP level 4. HP: 27/27 MP: 7/7
  1958 | D:3      | Learned a level 4 spell: Brom's Barrelling Boulder
  1974 | D:3      | Noticed a black bear
  2433 | D:3      | Killed a black bear
  2434 | D:3      | Reached XP level 5. HP: 31/31 MP: 9/9
  2612 | D:4      | Noticed a lemure
  2684 | D:4      | Found a shimmering altar of Xom.
  2695 | D:4      | Reached XP level 6. HP: 36/36 MP: 10/10
  2744 | D:4      | Noticed a black bear
  2746 | D:4      | Killed a black bear
  2747 | D:4      | Reached skill level 5 in Earth Magic
  3036 | D:5      | Entered Level 5 of the Dungeon
  3066 | D:5      | Reached XP level 7. HP: 41/41 MP: 12/12
  3655 | D:5      | Reached XP level 8. HP: 46/46 MP: 14/14
  3980 | D:6      | Reached skill level 5 in Conjurations
  4083 | D:6      | Found a staircase to the Ecumenical Temple.
  4095 | Temple   | Entered the Ecumenical Temple
  4157 | Temple   | Became a worshipper of Fedhas Madash
  4625 | D:6      | Reached skill level 5 in Spellcasting
  4633 | D:6      | Learned a level 5 spell: Iskenderun's Battlesphere
  4635 | D:6      | Learned a level 1 spell: Magic Dart
  5048 | D:6      | Reached XP level 9. HP: 36/51 MP: 11/16
  5455 | D:6      | Found a glowing golden altar of the Shining One.
  5455 | D:6      | Found a glowing silver altar of Zin.
  5455 | D:6      | Found an iron altar of Okawaru.
  5455 | D:6      | Found an ornate altar of the Wu Jian Council.
  5455 | D:6      | Found a basalt altar of Yredelemnul.
  5455 | D:6      | Found a blossoming altar of Fedhas.
  5845 | D:6      | Reached * piety under Fedhas
  6340 | D:7      | Found a sand-covered staircase.
  6354 | Ossuary  | Entered an ossuary
  6369 | Ossuary  | Reached skill level 10 in Conjurations
  6779 | D:7      | Reached skill level 1 in Fighting
  7196 | D:7      | Noticed a gargoyle
  7220 | D:7      | Killed a gargoyle
  7221 | D:7      | Reached XP level 10. HP: 60/60 MP: 11/17
  7658 | D:4      | Noticed Pikel
  7661 | D:4      | Killed Pikel
  7960 | D:8      | Reached ** piety under Fedhas
  7968 | D:8      | Learned a level 6 spell: Bombard
  8145 | D:8      | Noticed a two-headed ogre
  8155 | D:8      | Killed a two-headed ogre
  8156 | D:8      | Reached skill level 1 in Invocations
  9230 | D:9      | Reached *** piety under Fedhas
  9319 | D:9      | Noticed a manticore
  9627 | D:9      | Noticed a gargoyle
  9644 | D:9      | Killed a gargoyle
  9645 | D:9      | Reached skill level 5 in Dodging
  9705 | D:9      | Reached XP level 11. HP: 70/70 MP: 15/19
  9711 | D:9      | Reached skill level 5 in Fighting
  9772 | D:9      | Killed a manticore
  9773 | D:9      | Reached skill level 5 in Invocations
  9876 | D:9      | Noticed Harold
  9888 | D:9      | Noticed a manticore
  9918 | D:9      | Killed a manticore
 10133 | D:9      | Found a hazy altar of Hepliaklqana.
 10395 | D:9      | Killed Harold
 10396 | D:9      | Reached skill level 10 in Earth Magic
 10689 | D:10     | Entered Level 10 of the Dungeon
 10689 | D:10     | Found a staircase to the Orcish Mines.
 10911 | D:10     | Noticed Grum
 10924 | D:10     | HP: 3/71 [Grum/+1 spear (25)]
 10925 | D:10     | Slain by a wolf

Illustrated notes

Levels and vault maps discovered:
D:1:      shiori_arrival_maze, layout_basic, minmay_hexomino_c4
D:2:      layout_rooms, uniq_jessica
D:3:      layout_rooms
D:4:      layout_cave_pools, mainiacjoe_overflow_paths, uniq_pikel
D:5:      layout_rooms, nicolae_houndstooth_variations
D:6:      cheibrodos_fertilizer, layout_gridville, minmay_temple_entry_slanted
D:7:      layout_loops_ring, gup_ossuary_entry_pyramid
D:8:      layout_basic
D:9:      minmay_bloctagon_deflated, layout_cross,
          mainiacjoe_overflow_concentric_impassable, uniq_harold
D:10:     layout_layer_cave, nicolae_overflow_squiral, orc_0_dummy, uniq_grum
Temple:   hc_temple_tempest_star

Skill      XL: |  1  2  3  4  5  6  7  8  9 10 11 |
---------------+----------------------------------+-----
Conjurations   | 2 3 4 6 10 | 10.1
Spellcasting   | 3 4 5 |  5.5
Earth Magic    | 4 5 6 8 9 10 | 10.0
Fighting       | 2 4 5 |  5.0
Dodging        | 3 5 |  5.0
Invocations    | 4 6 |  6.6
Stealth        | |  2.6

Action                     |  1- 3 |  4- 6 |  7- 9 | 10-12 || total
---------------------------+-------+-------+-------+-------++-------
  Melee: Dagger            |     5 |       |       |       ||     5
         Constrict         |     2 |       |     4 |     3 ||     9
         Tentacles         |     1 |       |     5 |     1 ||     7
         Short sword       |       |     2 |       |       ||     2
         Lajatang          |       |       |    13 |     4 ||    17
   Fire: Sling             |       |       |     9 |       ||     9
         Orcbow            |       |       |    19 |       ||    19
         Shortbow          |       |       |    45 |    52 ||    97
   Cast: Sandblast         |    44 |    34 |    27 |    12 ||   117
         Stone Arrow       |       |     8 |    62 |    23 ||    93
         Magic Dart        |       |       |    25 |    55 ||    80
         Brom's Barrelling |       |       |    14 |    14 ||    28
         Iskenderun's Batt |       |       |     5 |    22 ||    27
         Bombard           |       |       |       |     2 ||     2
 Invoke: Grow Ballistomyce |       |       |       |     1 ||     1
    Use: Scroll            |     6 |     5 |    10 |     4 ||    25
         Potion            |       |       |     1 |       ||     1
   Stab: Sleeping          |       |     2 |       |       ||     2
 Armour: Skin              |     9 |     2 |    53 |    31 ||    95
  Dodge: Dodged            |    14 |     7 |    66 |    27 ||   114
  Block: Other             |       |       |       |     6 ||     6
         Reflection        |       |       |       |     1 ||     1
